 Dungeon Crawl Stone Soup version 0.28.0-53-g5a82cb258f (webtiles) character file.

Game seed: 17294127085674710550

11232 Infinimo the Basher (level 11, -2/128 HPs)
             Began as an Ogre Gladiator on May 29, 2022.
             Was a High Priest of Okawaru.
             Slain by an eight-headed hydra (8 damage)
             ... on level 8 of the Dungeon.
             The game lasted 00:19:13 (18025 turns).

Infinimo the Basher (Ogre Gladiator)               Turns: 18025, Time: 00:19:14

Health: -2/128     AC:  5    Str: 24    XL:     11   Next: 74%
Magic:  11/11      EV: 10    Int:  9    God:    Okawaru [*****.]
Gold:   218        SH:  0    Dex: 16    Spells: 10/10 levels left

rFire   . . .      SeeInvis +   F - +10 great mace of Tylopt {drain, Fly SInv}
rCold   . . .      Faith    .   (shield currently unavailable)
rNeg    . . .      Spirit   .   b - +0 robe
rPois   .          Reflect  .   B - +2 hat
rElec   .          Harm     .   (no cloak)
rCorr   .          Rampage  .   (gloves unavailable)
Will    ++...                   (boots unavailable)
Stlth   +.........              (no amulet)
HPRegen 0.31/turn               g - +6 ring of dexterity
MPRegen 0.12/turn               t - ring of willpower

@: flying
A: large, unfitting armour, tough skin 1
a: Renounce Religion, Heroism, Finesse, Duel


You were on level 8 of the Dungeon.
You worshipped Okawaru.
Okawaru was extremely pleased with you.
You visited 3 branches of the dungeon, and saw 13 of its levels.

You collected 561 gold pieces.
You spent 343 gold pieces at shops.

Inventory:

Hand Weapons
 i - a +2 dire flail of holy wrath
 m - a +0 giant spiked club of flaming
 z - a +0 giant spiked club
 F - the +10 great mace of Tylopt (weapon) {drain, Fly SInv}
   (Okawaru gifted it to you on level 10 of the Dungeon)

   A truly terrible weapon, it drains the life of any living foe it strikes.
   SInv:      It lets you see invisible.
   Fly:       It grants you flight.
Missiles
 d - 2 throwing nets (quivered)
 p - 12 poisoned darts
 r - a curare-tipped dart
Armour
 b - a +0 robe (worn)
 B - a +2 hat (worn)
Jewellery
 g - a +6 ring of dexterity (left hand)
 j - a +4 ring of protection
 t - a ring of willpower (right hand)
 y - an amulet of the acrobat
 C - a +6 ring of strength
 D - a ring of willpower
Wands
 k - a wand of flame (46)
 n - a wand of paralysis (4)
 q - a wand of iceblast (3)
Scrolls
 e - 2 scrolls of amnesia
 f - 2 scrolls of enchant weapon
 h - a scroll of fog
 v - 3 scrolls of teleportation
Potions
 a - 2 potions of mutation
 c - a potion of heal wounds
 o - 6 potions of curing
 s - a potion of ambrosia
 u - a potion of brilliance
 w - a potion of magic
 x - a potion of might
 A - a potion of flight
 E - a potion of invisibility {unknown}


   Skills:
 + Level 13.8 Fighting
 * Level 13.9 Maces & Flails
 - Level 2.0 Throwing
 - Level 2.6 Dodging


You had 10 spell levels left.
You didn't know any spells.
Your spell library contained the following spells:

 Spells                   Type           Power      Damage    Failure   Level
 Apportation              Tloc           0%         N/A       38%         1
 Beastly Appendage        Tmut           0%         N/A       38%         1
 Ensorcelled Hibernation  Hex/Ice        0%         N/A       52%         2
 Wereblood                Tmut           0%         N/A       52%         2
 Frozen Ramparts          Ice            0%         1d2       77%         3
 Gell's Gravitas          Tloc           0%         N/A       77%         3
 Spider Form              Tmut/Pois      0%         N/A       77%         3
 Teleport Other           Tloc           0%         N/A       77%         3
 Anguish                  Hex/Necr       0%         N/A       99%         4
 Ice Form                 Ice/Tmut       0%         N/A       99%         4
 Passage of Golubria      Tloc           0%         N/A       99%         4
 Summon Ice Beast         Ice/Summ       Unusable   N/A       N/A         4

Dungeon Overview and Level Annotations

Branches:
Dungeon (11/15)            Temple (1/1) D:7            Lair (1/6) D:8
    Orc: D:9-12

Altars:
Ashenzari
Cheibriados
Dithmenos
Elyvilon
Fedhas
Gozag
Hepliaklqana
Kikubaaqudgha
Makhleb
Nemelex Xobeh
Okawaru
Qazlal
Ru
Sif Muna
Trog
Uskayaw
Vehumet
Wu Jian
Xom
Yredelemnul
Zin
The Shining One
Beogh

Shops:
D:5 *   D:6 *   D:8 [   D:9 =*![!

Annotations:
D:5 2 transporters
D:6 3 runed translucent doors, Peloso's ghost, novice MiFi
D:9 2 transporters


Innate Abilities, Weirdness & Mutations

You are too large for most types of armour.
You have tough skin. (AC +1)


Message History

The blink frog closely misses you. The black mamba closely misses you.
You thump the black mamba! You drain the black mamba.
The black mamba is severely wounded.
The black mamba bites you. The blink frog hits you!
The blink frog blinks!
The blink frog hits you!
The blink frog blinks! x2
The black mamba barely misses you.
You bludgeon the black mamba!!
You kill the black mamba!
Okawaru accepts your kill. Okawaru grants you ammunition!
Something appears at your feet! The blink frog closely misses you.
You sock the blink frog!
The blink frog is heavily wounded.
The blink frog hits you! The blink frog barely misses you.
You closely miss the blink frog.
The blink frog is heavily wounded.
The blink frog blinks!
The blink frog closely misses you.
You bludgeon the blink frog!!
You kill the blink frog!
Okawaru accepts your kill.
The blink frog blinks! x2
The blink frog blinks!
You fly upwards.
Welcome back to the Dungeon!
There is a staircase to the Lair here.
You barely miss the eight-headed hydra. The eight-headed hydra bites you.
The eight-headed hydra bites you! The eight-headed hydra bites you.
The eight-headed hydra completely misses you.
The eight-headed hydra bites you! x2; The eight-headed hydra bites you.
The eight-headed hydra closely misses you.
The eight-headed hydra bites you but does no damage.
The eight-headed hydra bites you!
* * * LOW HITPOINT WARNING * * *
The eight-headed hydra bites you!
* * * LOW HITPOINT WARNING * * *
The eight-headed hydra bites you!
* * * LOW HITPOINT WARNING * * *
The eight-headed hydra bites you.
* * * LOW HITPOINT WARNING * * *
The eight-headed hydra bites you!
You die...

...........#.................##..
.................###..#####.....#
...................##..#####....#
................(.##...#..##.##..
................#............##..
................#...##....##.....
.####..........###.###>#..#......
#.#.............#...##.##........
................@D.............##
.........###..#.............."..#
#........# #####..#..#..........#
.........# ########.#.##...##
##.......# ###.#.....# ##.......#
#####..## ##.......# ####
......(.## ##....###


You could see an eight-headed hydra.

Vanquished Creatures
  A centaur warrior (D:10)
  4 two-headed ogres
  A deep elf pyromancer (D:9)
  A black mamba (Lair:1)
  A kobold demonologist (D:10)
  A troll (D:9)
  A hornet (D:8)
  Prince Ribbit (D:5)
  A blink frog (Lair:1)
  A wraith (D:10)
  11 yaks
  A steam dragon (D:9)
  Edmund (D:6)
  A water moccasin (D:5)
  Duvessa (D:6)
  A sky beast (D:8)
  3 orc warriors
  4 black bears
  2 ogres
  2 necrophages
  2 ice beasts (D:7)
  2 centaurs
  A kobold brigand (D:8)
  A gnoll sergeant (D:6)
  3 bullfrogs
  4 scorpions
  2 water moccasin skeletons (D:6)
  Dowan (D:6)
  10 killer bees
  6 electric eels (D:10)
  11 wights
  3 howler monkeys
  3 centaur zombies
  2 hounds
  2 jellies
  8 orc priests
  A bullfrog skeleton (D:5)
  A centaur skeleton (D:6)
  Terence (D:3)
  A gnoll shaman (D:7)
  2 iguanas (D:5)
  6 orc wizards
  A scorpion zombie (D:3)
  2 howler monkey zombies (D:9)
  8 gnolls
  8 adders
  A shadow imp (D:7)
  2 ufetubi
  An adder skeleton (D:3)
  2 worms
  2 dart slugs
  19 orcs
  11 ball pythons
  7 endoplasms
  5 giant cockroaches
  9 goblins
  9 hobgoblins
  9 kobolds
  A quokka (D:3)
  A ball python zombie (D:3)
  2 bats
  4 frilled lizards
  A giant cockroach zombie (D:3)
  7 rats
225 creatures vanquished.

Vanquished Creatures (others)
  7 plants
  A withered plant (D:3)
8 creatures vanquished.

Grand Total: 233 creatures vanquished

Notes
Turn   | Place    | Note
-------+----------+-------------------------------------------
     0 | D:1      | Infinimo the Ogre Gladiator began the quest for the Orb.
     0 | D:1      | Reached XP level 1. HP: 22/22 MP: 1/1
   392 | D:1      | Reached XP level 2. HP: 25/31 MP: 2/2
   827 | D:1      | You fall into a shaft and drop 1 floor!
   852 | D:1      | Found a faded altar of an unknown god.
   862 | D:1      | Reached XP level 3. HP: 35/37 MP: 3/3
  2074 | D:2      | Reached XP level 4. HP: 38/48 MP: 4/4
  3159 | D:3      | Found a hazy altar of Hepliaklqana.
  3364 | D:3      | Reached XP level 5. HP: 35/55 MP: 5/5
  3877 | D:3      | Noticed Terence
  3960 | D:3      | Killed Terence
  4164 | D:3      | Reached skill level 5 in Maces & Flails
  4352 | D:3      | Reached skill level 5 in Fighting
  4355 | D:3      | Reached XP level 6. HP: 41/66 MP: 6/6
  4613 | D:4      | Found an iron altar of Okawaru.
  4614 | D:4      | Found an ornate altar of the Wu Jian Council.
  4624 | D:4      | Found a white marble altar of Elyvilon.
  4624 | D:4      | Found an ancient bone altar of Kikubaaqudgha.
  4624 | D:4      | Found an opulent altar of Gozag.
  4630 | D:4      | Became a worshipper of Warmaster Okawaru
  4732 | D:4      | Found a shimmering blue altar of Sif Muna.
  4743 | D:4      | Noticed a necrophage
  4761 | D:4      | Killed a necrophage
  5321 | D:4      | Identified the +2 ring mail of Sloth {Dex+5 SInv}
  5377 | D:4      | Reached XP level 7. HP: 61/74 MP: 7/7
  5671 | D:5      | Entered Level 5 of the Dungeon
  5726 | D:5      | Reached * piety under Okawaru
  6036 | D:5      | Found a transporter.
  6089 | D:5      | Found a transporter.
  6183 | D:5      | Reached XP level 8. HP: 80/87 MP: 8/8
  6579 | D:5      | Found Pyutueq's General Store.
  6582 | D:5      | Bought a potion of curing for 42 gold pieces
  7462 | D:6      | Noticed Duvessa
  7462 | D:6      | Noticed Dowan
  7478 | D:6      | Reached ** piety under Okawaru
  7523 | D:6      | Noticed Prince Ribbit
  7605 | D:5      | Killed Prince Ribbit
  8373 | D:6      | Noticed Edmund
  8384 | D:6      | Killed Edmund
  8385 | D:6      | Reached XP level 9. HP: 97/97 MP: 9/9
  8444 | D:6      | Killed Dowan
  8454 | D:6      | Killed Duvessa
  8836 | D:6      | Reached *** piety under Okawaru
  9326 | D:6      | Found Qient's Assorted Antiques.
  9447 | D:6      | Bought a metallic green potion for 28 gold pieces
  9447 | D:6      | Bought a sedimented orange potion for 28 gold pieces
  9447 | D:6      | Bought a scroll labelled WOAJY ENGYSCHAPH for 32 gold
                  | pieces
  9447 | D:6      | Bought a scroll of teleportation for 96 gold pieces
  9521 | D:6      | Found a runed translucent gate.
  9522 | D:6      | Found a runed translucent gate.
  9522 | D:6      | Found a runed translucent gate.
  9525 | D:6      | Noticed Peloso's ghost (novice MiFi)
 10067 | D:7      | Reached skill level 10 in Maces & Flails
 10070 | D:7      | Reached skill level 10 in Fighting
 10094 | D:7      | Reached **** piety under Okawaru
 10459 | D:7      | Reached XP level 10. HP: 79/111 MP: 10/10
 10575 | D:7      | Found a sacrificial altar of Ru.
 10791 | D:7      | Received a gift from Okawaru
 11553 | D:7      | Found a staircase to the Ecumenical Temple.
 11599 | D:7      | Found a bloodstained altar of Trog.
 11926 | Temple   | Entered the Ecumenical Temple
 12285 | D:8      | Found a staircase to the Lair.
 12696 | D:8      | Received a gift from Okawaru
 13223 | D:8      | Found Pippum's Armour Shop.
 13407 | D:9      | Found Arryrph's Jewellery Emporium.
 13448 | D:9      | Found Zeistroe's Elemental Accessories.
 13544 | D:9      | Found a transporter.
 13545 | D:9      | Found a transporter.
 13914 | D:9      | Got the Grimoire of Orientation
 14221 | D:9      | Found Disa Xuo's Distillery.
 14227 | D:9      | Bought a potion of heal wounds for 65 gold pieces
 14227 | D:9      | Bought a potion of might for 52 gold pieces
 14254 | D:9      | Received a gift from Okawaru
 14464 | D:9      | Found Dosch's Armour Shoppe.
 14509 | D:9      | Found Cuwan's Distillery.
 14551 | D:9      | Reached ***** piety under Okawaru
 14680 | D:9      | Received a gift from Okawaru
 14959 | D:9      | Noticed a two-headed ogre
 14959 | D:9      | Noticed a two-headed ogre
 14960 | D:9      | Found a stormy altar of Qazlal.
 14966 | D:9      | Killed a two-headed ogre
 14967 | D:9      | Reached XP level 11. HP: 116/124 MP: 11/11
 14976 | D:9      | Killed a two-headed ogre
 15279 | D:9      | Noticed a deep elf pyromancer
 15296 | D:9      | Killed a deep elf pyromancer
 15840 | D:10     | Entered Level 10 of the Dungeon
 16084 | D:10     | Identified the +10 great mace of Tylopt {drain, Fly SInv}
                  | (Okawaru gifted it to you on level 10 of the Dungeon)
 16084 | D:10     | Received a gift from Okawaru
 16120 | D:10     | Noticed a centaur warrior
 16130 | D:10     | Killed a centaur warrior
 17164 | D:10     | Noticed a two-headed ogre
 17165 | D:10     | Noticed a two-headed ogre
 17178 | D:10     | Killed a two-headed ogre
 17354 | D:10     | Killed a two-headed ogre
 17499 | D:10     | Found a burning altar of Makhleb.
 17800 | D:10     | Found a glowing silver altar of Zin.
 17800 | D:10     | Noticed an angel
 17801 | D:10     | Noticed a balrug
 18005 | Lair:1   | Entered Level 1 of the Lair of Beasts
 18009 | Lair:1   | Noticed an eight-headed hydra
 18012 | Lair:1   | Received a gift from Okawaru
 18025 | D:8      | HP: 6/128 [eight-headed hydra (2)]
 18025 | D:8      | Slain by an eight-headed hydra

Illustrated notes

Levels and vault maps discovered:
D:1:      dpeg_arrival_simpleton_c, layout_basic,
          hellmonk_ecumenical_altar_run_dry, chequers_serial_rivers_micro_a
D:2:      layout_basic
D:3:      layout_loops_ring, nicolae_overflow_hidden_temple, serial_undead,
          serial_undead_b, serial_undead_a, serial_undead_a, serial_undead_c,
          chequers_serial_rivers_room_b, chequers_serial_rivers_micro_e,
          uniq_terence
D:4:      minmay_angry_zag, layout_cave_pools,
          mainiacjoe_overflow_concentric_impassable, grunt_temple_overflow_open
D:5:      gammafunk_wand_slinger, layout_loops_corners, serial_shops,
          kennysheep_mini
D:6:      layout_layer_cave, serial_shops, nicolae_shop_statue_plus,
          gammafunk_ghost_necromancy, kennysheep_small_spiral, uniq_duvessa,
          uniq_prince_ribbit1, uniq_edmund
D:7:      layout_basic, mainiacjoe_overflow_boulevard,
          overflow_temple_1_default, minmay_temple_entry_waves, enter_bailey_2
D:8:      layout_cave_pools, lair_entry_dummy, serial_shops,
          nicolae_square_shop, eino_tiny_chamber
D:9:      gammafunk_beogh_shrine, layout_loops_ring,
          nicolae_qazlal_eye_of_the_storm, serial_shops, shop_fountains, shop,
          nicolae_shop_trees, nicolae_shop_behind_doors, nicolae_elemental_shop,
          billiards_dpeg
D:10:     cheibrodos_two_vegetables, layout_grid_maze,
          grunt_temple_overflow_order_and_chaos_2
D:11:     layout_roguey, uniq_urug, uniq_erolcha
Temple:   cyrus_temple_forest
Lair:1:   layout_cave_pods

Skill      XL: |  1  2  3  4  5  6  7  8  9 10 11 |
---------------+----------------------------------+-----
Fighting       | 3 4 5 7 8 10 12 13 | 13.8
Maces & Flails | 3 4 5 6 7 9 10 12 13 | 13.9
Throwing       | |  2.0
Dodging        | |  2.6

Action                   |  1- 3 |  4- 6 |  7- 9 | 10-12 || total
-------------------------+-------+-------+-------+-------++-------
Melee: Flail             |   109 |   153 |   135 |       ||   397
       Punch             |     1 |     1 |     1 |       ||     3
       Dire flail        |       |       |    94 |   248 ||   342
       Great mace        |       |       |       |    18 ||    18
Throw: Dart              |       |    14 |    22 |    12 ||    48
       Throwing net      |       |     1 |       |       ||     1
Evoke: Wand              |       |       |       |     7 ||     7
  Use: Scroll            |       |    11 |     4 |     6 ||    21
       Potion            |       |     2 |     1 |     2 ||     5
 Stab: Sleeping          |       |       |     2 |       ||     2
Armor: Robe              |    28 |    36 |    50 |    36 ||   150
       Skin              |       |     4 |       |       ||     4
Dodge: Dodged            |    45 |    83 |   121 |   131 ||   380
